 Dungeon Crawl Stone Soup version 0.28.0-49-g6dfe1f597d (webtiles) character file.

Game seed: 18069950344695372043

210 Peloso the Covered (level 5, -1/47 HPs)
             Began as a Minotaur Fighter on May 17, 2022.
             Succumbed to a gnoll's poison
             ... on level 3 of the Dungeon.
             The game lasted 00:03:32 (2509 turns).

Peloso the Covered (Minotaur Fighter)               Turns: 2509, Time: 00:03:33

Health: -1/47      AC:  9    Str: 21    XL:     5   Next: 57%
Magic:  4/4        EV:  7    Int:  5    God:
Gold:   54         SH:  5    Dex: 11    Spells: 4/4 levels left

rFire   . . .      SeeInvis .   a - +0 long sword
rCold   . . .      Faith    .   c - +0 buckler
rNeg    . . .      Spirit   .   j - +0 chain mail
rPois   .          Reflect  .   (helmet restricted)
rElec   .          Harm     .   (no cloak)
rCorr   .          Rampage  .   (no gloves)
Will    .....                   (no boots)
Stlth   ..........              (no amulet)
HPRegen 0.15/turn               (no ring)
MPRegen 0.09/turn               (no ring)

@: lethally poisoned (-1 -> -11), flying
A: horns 2, retaliatory headbutt
a: no special abilities


You were on level 3 of the Dungeon.
You visited 1 branch of the dungeon, and saw 3 of its levels.

You collected 54 gold pieces.

Inventory:

Hand Weapons
 a - a +0 long sword (weapon)
Armour
 b - a +0 scale mail
 c - a +0 buckler (worn)
 j - a +0 chain mail (worn)
Jewellery
 e - a ring of fire
Scrolls
 f - a scroll of fog {unknown}
 g - a scroll of enchant armour {unknown}
 h - 2 scrolls of identify
Potions
 d - a potion of might


   Skills:
 + Level 4.7 Fighting
 + Level 4.4 Long Blades
 + Level 5.0 Armour
 + Level 1.1 Dodging
 + Level 4.4 Shields


You had 4 spell levels left.
You didn't know any spells.
Your spell library was empty.

Dungeon Overview and Level Annotations

Branches:
Dungeon (3/15)

Altars:

Annotations:
D:2 1 runed translucent door, Crazy Yiuf


Innate Abilities, Weirdness & Mutations

You have a pair of horns on your head.
You reflexively headbutt those who attack you in melee.


Message History

You barely miss the gnoll. You headbutt the gnoll.
You kill the gnoll!
The gnoll barely misses you.
Your Armour skill increases to level 5!
The gnoll barely misses you.
The gnoll hits you from afar with a +0 spear of venom.
You are poisoned.
Things that are here:
a +0 spear; a gnoll corpse You barely miss the gnoll.
Your headbutt misses the gnoll.
You feel very sick. You block the gnoll's attack.
The gnoll hits you from afar with a +0 spear of venom.
You are more poisoned.
You closely miss the gnoll. You headbutt the gnoll!
The gnoll is severely wounded.
You feel very sick. The gnoll hits you with a +0 spear.
The gnoll hits you but does no damage.
You are lethally poisoned!
The gnoll hits you but does no damage. x2
You barely miss the gnoll. You headbutt the gnoll.
You kill the gnoll!
* * * LOW HITPOINT WARNING * * *
You feel very sick. The gnoll closely misses you.
You slash the worm! You headbutt the worm.
The worm is almost dead.
* * * LOW HITPOINT WARNING * * *
You feel very sick. The gnoll hits you but does no damage. The worm bites you.
* * * LOW HITPOINT WARNING * * *
It was a potion of flight.
You feel very buoyant.
You fly up into the air.
* * * LOW HITPOINT WARNING * * *
You feel very sick. The gnoll closely misses you.
You hit the worm. Your headbutt misses the worm.
The worm is almost dead.
You die...

#.# #.# #.# #.# #.. #.#
#.# #.# #.# #.# ##.# ..#
g.# ### #w# #@# #)#
#######
######.################
.......
......................).
.......
#######################.
####### #. # #. # #. #
#.


You could see a worm and a gnoll.

Vanquished Creatures
  An orc priest (D:3)
  Jessica (D:3)
  An orc wizard (D:3)
  Natasha (D:2)
  3 gnolls (D:3)
  2 adders (D:2)
  7 orcs (D:3)
  5 endoplasms
  2 giant cockroaches
  A hobgoblin (D:3)
  3 jackals (D:1)
  3 quokkas
  7 ball pythons
  5 bats
  5 goblins
  4 kobolds
  3 rats
54 creatures vanquished.

Notes
Turn   | Place    | Note
-------+----------+-------------------------------------------
     0 | D:1      | Peloso the Minotaur Fighter began the quest for the Orb.
     0 | D:1      | Reached XP level 1. HP: 19/19 MP: 0/0
    48 | D:1      | Found a faded altar of an unknown god.
   215 | D:1      | Reached XP level 2. HP: 21/27 MP: 1/1
   386 | D:1      | Reached skill level 4 in Armour
   718 | D:2      | Reached XP level 3. HP: 29/33 MP: 2/2
  1262 | D:2      | Noticed Natasha
  1266 | D:2      | Killed Natasha
  1267 | D:2      | Reached XP level 4. HP: 36/41 MP: 3/3
  1592 | D:2      | Found a runed translucent door.
  1593 | D:2      | Noticed Crazy Yiuf
  1994 | D:3      | Noticed Jessica
  2015 | D:3      | Reached skill level 1 in Dodging
  2016 | D:3      | Killed Jessica
  2017 | D:3      | Reached XP level 5. HP: 15/47 MP: 4/4
  2503 | D:3      | Reached skill level 5 in Armour
  2508 | D:3      | HP: 2/47 [poisoned by a gnoll]
  2509 | D:3      | Succumbed to a gnoll's poison

Illustrated notes

Levels and vault maps discovered:
D:1:      scummos_arrival_forest, layout_rooms, ebering_ecumenical_altar_mist
D:2:      layout_loops_corners, uniq_crazy_yiuf_cottage, uniq_natasha
D:3:      layout_loops_ring, minmay_fountain_box, uniq_jessica, uniq_grinder

Skill      XL: |  1  2  3  4  5 |
---------------+----------------+-----
Fighting       | 4 |  4.7
Armour         | 4 5 |  5.0
Shields        | 4 |  4.4
Long Blades    | 3 4 |  4.4
Dodging        | 1 |  1.1

Action                   |  1- 3 |  4- 6 || total
-------------------------+-------+-------++-------
Melee: Long sword        |    69 |    72 ||   141
       Headbutt          |     6 |    18 ||    24
  Use: Scroll            |     1 |       ||     1
       Potion            |       |     2 ||     2
Armor: Scale mail        |    53 |    14 ||    67
       Chain mail        |       |    26 ||    26
Dodge: Dodged            |    48 |    20 ||    68
Block: Buckler           |    18 |    16 ||    34
